 Dungeon Crawl Stone Soup version 0.28-a0-1429-gf3d713df7a (webtiles) character file.

Game seed: 18379360449610009064

25 flotson the Ducker (level 2, 0/22 HPs)
             Began as a Demonspawn Gladiator on Jan 9, 2022.
             Killed from afar by Natasha (3 damage)
             ... with a magic dart
             ... on level 2 of the Dungeon.
             The game lasted 00:01:40 (1562 turns).

flotson the Ducker (Demonspawn Gladiator)           Turns: 1562, Time: 00:01:41

Health: 0/22       AC:  5    Str: 14    XL:     2   Next: 82%
Magic:  2/2        EV: 12    Int:  9    God:
Gold:   55         SH:  0    Dex: 14    Spells: 1/1 levels left

rFire   + . .      SeeInvis .   f - +0 spear
rCold   + . .      Faith    .   (no shield)
rNeg    . . .      Spirit   .   b - +0 leather armour
rPois   .          Reflect  .   c - +0 helmet
rElec   .          Harm     .   j - scarf {rC+ rF+}
rCorr   .          Rampage  .   i - +0 pair of gloves
Will    .....                   (no boots)
Stlth   +.........              (no amulet)
HPRegen 0.07/turn               (no ring)
MPRegen 0.08/turn               (no ring)

@: slowed, very slow
A: claws 1
a: no special abilities


You were on level 2 of the Dungeon.
You visited 1 branch of the dungeon, and saw 2 of its levels.

You collected 55 gold pieces.

Inventory:

Hand Weapons
 a - a +0 war axe
 f - a +0 spear (weapon)
Missiles
 d - 3 throwing nets (quivered)
Armour
 b - a +0 leather armour (worn)
 c - a +0 helmet (worn)
 i - a +0 pair of gloves (worn)
 j - a scarf of resistance (worn)
Scrolls
 e - a scroll of identify {unknown}
 g - a scroll of immolation
Potions
 h - a potion of mutation {unknown}
 k - a potion of berserk rage {unknown}
 l - a potion of curing {unknown}


   Skills:
 + Level 2.3 Fighting
 + Level 2.9 Axes
 + Level 2.1 Throwing
 + Level 0.8 Armour
 + Level 2.9 Dodging


You had one spell level left.
You didn't know any spells.
Your spell library was empty.

Dungeon Overview and Level Annotations

Branches:
Dungeon (2/15)

Altars:

Shops:
D:1 *=:

Annotations:
D:2 Natasha


Innate Abilities, Weirdness & Mutations

You have sharp fingernails.


Message History

Natasha is lightly wounded.
Natasha barely misses you.
You barely miss Natasha.
Natasha is lightly wounded.
Natasha stares at you and mumbles some strange words.
You feel yourself slow down.
You hit Natasha.
Natasha is heavily wounded.
Natasha barely misses you.
Natasha stares at you and mumbles some strange words.
The magic dart hits you.
You are too injured to fight recklessly!
You are too injured to fight recklessly!
You are too injured to fight recklessly!
You are too injured to fight recklessly!
You are too injured to fight recklessly!
You are too injured to fight recklessly!
You are too injured to fight recklessly!
You are too injured to fight recklessly!
You are too injured to fight recklessly!
You closely miss Natasha.
Natasha is heavily wounded.
Natasha barely misses you. Natasha claws you.
You hit Natasha.
Natasha is severely wounded.
Natasha claws you but does no damage.
You hit Natasha.
Natasha is severely wounded.
Natasha mewls in sadness.
Natasha casts a spell at you. The magic dart hits you.
* * * LOW HITPOINT WARNING * * *
Natasha drinks a potion.
Natasha is healed!
You barely miss Natasha. Natasha claws you but does no damage.
You barely miss Natasha. Natasha claws you but does no damage.
Natasha closely misses you.
You barely miss Natasha.
Natasha stares at you and mumbles some strange words.
The magic dart hits you.
You die...

#........# #........###
#######..... #.....
#..... #..... #.....
####################.###
.....5h@............>#
######################


You could see Natasha and a white imp (summoned).

Vanquished Creatures
  A dart slug (D:1)
  5 bats
  4 endoplasms
  A giant cockroach (D:1)
  2 goblins (D:2)
  2 hobgoblins
  3 kobolds
  2 frilled lizards
20 creatures vanquished.

Notes
Turn   | Place    | Note
-------+----------+-------------------------------------------
     0 | D:1      | flotson the Demonspawn Gladiator began the quest for the
                  | Orb.
     0 | D:1      | Reached XP level 1. HP: 16/16 MP: 1/1
   461 | D:1      | Gained mutation: You have sharp fingernails. [demonic
                  | ancestry]
   461 | D:1      | Reached XP level 2. HP: 20/22 MP: 2/2
   637 | D:1      | Found a faded altar of an unknown god.
   719 | D:1      | Found Declifow's General Store.
   740 | D:1      | Found Agrimnoe's Jewellery Shop.
   750 | D:1      | Found Wotuji Moutz's Book Shoppe.
  1545 | D:2      | Noticed Natasha
  1562 | D:2      | Killed from afar by Natasha

Illustrated notes

Levels and vault maps discovered:
D:1:      grunt_arrival_crossed_arrows, layout_loops_corners,
          hellmonk_ecumenical_altar_blasted, serial_shops, shop_fountains,
          nicolae_shop_hallway_plus, nicolae_lakefront_shop
D:2:      minmay_general_purpose_star, layout_basic, minmay_misc_feat_rugged,
          uniq_natasha

Skill      XL: |  1  2 |
---------------+-------+-----
Throwing       | 2 |  2.1
Fighting       | |  2.3
Axes           | |  2.9
Armour         | |  0.8
Dodging        | |  2.9

Action                   || total
-------------------------++-------
Melee: Spear             ||    92
       War axe           ||     9
 Stab: Sleeping          ||     4
Armor: Leather armour    ||    31
Dodge: Dodged            ||    47

Table legend: (Time is in decaauts)
 A = Elapsed time spent in this place.
 B = Non-inter-level travel time spent in this place.
 C = Inter-level travel time spent in this place.
 D = Time resting spent in this place.
 E = Time spent auto-exploring this place.
 F = Levels seen in this place.
 G = Mean time per level.
                   A        B        C        D        E       F      G
               +--------+--------+--------+--------+--------+-----+--------+
         Total |   1571 |   1498 |     73 |    256 |   1015 |   2 |  785.5 |
       Dungeon |   1571 |   1498 |     73 |    256 |   1015 |   2 |  785.5 |
               +--------+--------+--------+--------+--------+-----+--------+

Top non-repeatable levels by time:
     D:1: 1300 daAuts
     D:2: 270 daAuts
